Map: Ruins of Seras

Players

Snovski

  • Race: Protoss Protoss
  • League: Master

Monty - Winner!

  • Race: Protoss Protoss
  • League: Grandmaster

Event: DreamHack ZOWIE Open Leipzig

VOD

Have the link to the VOD?

Description

Time

  • Played on: Jan. 22, 2016, 8:20 a.m.
  • Length: 10:45

All games in this series

Show
View Real Time Build Order
Export as new Build Order

Snovski Protoss 

Build Orders: Phoenix Opening 

Get SALT Encoding   

  12  0:01  Probe (Chrono Boost)  
  13  0:11  Probe (Chrono Boost)  
  14  0:18  Pylon  
  14  0:22  Probe (Chrono Boost)  
  15  0:36  Probe (Chrono Boost)  
  15  0:37  Gateway  
  16  0:43  Assimilator  
  16  0:47  Probe (Chrono Boost)  
  17  0:52  Assimilator  
  17  0:57  Probe (Chrono Boost)  
  18  1:06  Gateway  
  19  1:11  Probe (Chrono Boost)  
  19  1:24  Cybernetics Core  
  20  1:25  Probe (Chrono Boost)  
  20  1:36  Probe (Chrono Boost)  
  20  1:38  Pylon  
  21  1:47  Probe (Chrono Boost)  
  22  2:01  Adept (Chrono Boost)  
  27  2:02  Adept (Chrono Boost)  
  27  2:06  Stargate  
  26  2:09  Probe  
  26  2:13  Warp Gate (Chrono Boost)  
  27  2:22  Probe (Chrono Boost)  
  28  2:29  Pylon  
  28  2:38  Mothership Core (Chrono Boost)  
  30  2:50  Phoenix (Chrono Boost)  
  32  2:58  Probe  
  33  3:09  Gateway  
  31  3:16  Phoenix (Chrono Boost)  
  33  3:22  Probe  
  34  3:28  Robotics Facility  
  32  3:34  Probe  
  33  3:45  Phoenix (Chrono Boost)  
  33  3:46  Probe  
  36  4:02  Nexus  
  38  4:10  Phoenix (Chrono Boost)  
  38  4:12  Probe  
  39  4:25  Pylon  
  39  4:39  Pylon  
  39  4:43  Observer (Chrono Boost)  
  40  4:50  Adept x3  
  40  4:51  Probe  
  47  5:02  Pylon  
  47  5:04  Immortal (Chrono Boost)  
  51  5:08  Probe  
  52  5:15  Probe  
  52  5:20  Probe  
  54  5:23  Sentry  
  54  5:24  Adept  
  54  5:25  Probe  
  59  5:32  Probe  
  60  5:41  Immortal (Chrono Boost)  
  64  5:45  Pylon  
  64  5:50  Pylon  
  64  5:56  Stalker  
  66  5:59  Pylon  
  66  6:03  Pylon  
  64  6:16  Probe  
  64  6:17  Probe  
  66  6:25  Adept  
  68  6:27  Probe  
  68  6:30  Probe  
  70  6:33  Void Ray (Chrono Boost)  
  70  6:39  Probe  
  75  6:41  Pylon  
  75  6:42  Probe  
  71  6:49  Stalker x2  
  71  6:51  Robotics Facility  
  73  7:00  Probe  
  74  7:02  Zealot  
  74  7:03  Assimilator x2  
  74  7:07  Probe  
  76  7:09  Pylon  
  76  7:15  Probe  
  78  7:18  Probe  
  78  7:22  Stalker x2  
  83  7:27  Probe  
  84  7:34  Pylon  
  80  7:37  Immortal (Chrono Boost)  
  80  7:42  Probe  
  85  7:53  Void Ray (Chrono Boost)  
  85  7:57  Probe x2  
  91  8:06  Zealot  
  91  8:10  Immortal  
  94  8:21  Pylon  
  94  8:23  Pylon x2  
  94  8:31  Gateway  
  94  8:38  Gateway  
  94  8:41  Gateway  
  94  8:46  Immortal  
  94  8:56  Sentry x3  
  98  9:12  Probe x2  
  98  9:13  Pylon  
  98  9:19  Stalker  
  98  9:20  Stalker x2  
  98  9:24  Probe x2  
  106  9:42  Nexus  
  106  9:44  Immortal  
  106  9:50  Probe  
  106  9:51  Probe  
  112  10:00  Sentry x3  
  117  10:07  Probe  
  117  10:08  Twilight Council  
  117  10:12  Pylon  
  117  10:13  Probe  
  99  10:30  Stalker x3  
  99  10:31  Stalker  
  97  10:37  Stalker  
Show
View Real Time Build Order
Export as new Build Order

Monty Protoss - Winner!

Build Orders: Blink Stalkers 

Get SALT Encoding   

  12  0:01  Probe (Chrono Boost)  
  13  0:11  Probe (Chrono Boost)  
  14  0:18  Pylon  
  14  0:23  Probe (Chrono Boost)  
  15  0:36  Probe (Chrono Boost)  
  15  0:38  Gateway  
  16  0:47  Probe (Chrono Boost)  
  16  0:48  Assimilator  
  17  0:57  Probe (Chrono Boost)  
  17  0:58  Assimilator  
  18  1:08  Probe (Chrono Boost)  
  18  1:09  Gateway  
  20  1:18  Probe (Chrono Boost)  
  20  1:25  Cybernetics Core  
  20  1:29  Probe (Chrono Boost)  
  21  1:36  Pylon  
  21  1:39  Probe (Chrono Boost)  
  22  1:50  Probe (Chrono Boost)  
  23  2:00  Probe (Chrono Boost)  
  24  2:03  Warp Gate  
  24  2:07  Stalker x2  
  28  2:16  Twilight Council  
  28  2:24  Pylon  
  28  2:32  Mothership Core (Chrono Boost)  
  30  2:48  Gateway  
  30  3:01  Blink (Chrono Boost)  
  30  3:10  Probe  
  31  3:19  Robotics Facility  
  31  3:22  Probe  
  32  3:34  Nexus  
  32  3:43  Pylon  
  32  3:44  Probe  
  33  3:56  Probe  
  33  4:05  Stalker x2  
  33  4:07  Observer  
  33  4:08  Probe  
  39  4:15  Stalker  
  41  4:20  Probe  
  42  4:28  Pylon  
  42  4:32  Probe  
  42  4:35  Observer  
  44  4:39  Stalker  
  44  4:44  Probe  
  44  4:45  Probe  
  46  4:53  Pylon  
  46  4:55  Probe  
  46  4:56  Probe  
  48  5:03  Stalker  
  48  5:06  Probe  
  50  5:12  Stalker  
  50  5:13  Probe  
  54  5:16  Probe  
  55  5:23  Stalker  
  55  5:27  Probe  
  58  5:30  Stalker  
  58  5:35  Stalker  
  62  5:36  Probe  
  62  5:41  Probe  
  61  5:47  Stalker, Probe  
  61  5:57  Probe  
  61  6:00  Probe  
  61  6:01  Stalker x2  
  67  6:08  Probe  
  65  6:16  Probe  
  62  6:18  Probe  
  62  6:20  Pylon  
  62  6:23  Stalker  
  65  6:28  Stalker, Probe  
  65  6:29  Probe  
  65  6:30  Stalker  
  71  6:40  Probe x2  
  71  6:43  Pylon  
  72  6:49  Stalker  
  72  6:52  Probe  
  73  6:55  Stalker x2  
  73  6:56  Probe  
  77  7:04  Probe  
  77  7:05  Immortal  
  82  7:19  Probe  
  83  7:24  Gateway  
  83  7:25  Gateway, Assimilator  
  83  7:30  Gateway  
  83  7:33  Sentry x2  
  83  7:34  Assimilator  
  87  7:37  Probe  
  87  7:41  Probe  
  89  7:58  Nexus  
  89  8:00  Pylon  
  89  8:02  Pylon x2  
  89  8:14  Sentry x2  
  93  8:22  Forge  
  93  8:24  Immortal  
  97  8:28  Probe  
  97  8:29  Probe  
  99  8:36  Sentry x2  
  99  8:37  Stalker x2  
  107  8:43  Probe  
  107  8:46  Stalker x2  
  110  8:53  Probe  
  109  8:56  Probe, Protoss Ground Weapons Level 1 (Chrono Boost)  
  106  9:13  Stalker x2  
  106  9:14  Stalker  
  112  9:17  Stalker  
  114  9:27  Stalker x2  
  114  9:29  Probe  
  119  9:32  Photon Cannon  
  119  9:43  Stalker x2  
  123  9:46  Stalker  
  123  9:52  Probe, Pylon x2  
  126  9:53  Observer  
  127  10:10  Stalker x4  
  127  10:12  Stalker  
  122  10:30  Stalker  
  120  10:40  Stalker  
  120  10:41  Stalker x4  

Tags
 
Add a new tag
Caveats
  • Supply blocks, unpowered buildings, or Contaminate may cause inaccurate times.
  • Supply counts are checked every 10 seconds.